 Dungeon Crawl Stone Soup version 0.14-a0-1719-ga7e7698 (webtiles) character file.

1054 Kae the Insei (level 7, -4/52 HPs)
             Began as a Red Draconian Transmuter on Jan 2, 2014.
             Was an Initiate of Sif Muna.
             Slain by an orc
             ... wielding the +12,+16 plutonium sword {Contam Stlth-}
              (22 damage)
             ... on Level 5 of the Dungeon.
             The game lasted 00:09:39 (7365 turns).

Kae the Insei (Red Draconian Transmuter)            Turns: 7365, Time: 00:09:46

HP  -4/52        AC  6     Str 13      XL: 7   Next: 61%
MP  12/12        EV 12     Int 13      God: Sif Muna [......]
Gold 245         SH  0     Dex 13      Spells:  3 memorised,  4 levels left

rFire  + . .     SeeInvis .       - Unarmed
rCold  . . .     Clarity  .     (armour unavailable)
rNeg   . . .     Conserve .     (no shield)
rPois  .         rCorr    .     (helmet restricted)
rElec  .         rRot     .     (no cloak)
SustAb . .       Spirit   .     (no gloves)
rMut   .         Warding  .     (no boots)
Saprov . . .     Stasis   .     (no amulet)
                                (no ring)
                                (no ring)

@: slightly resistant to hostile enchantments, unstealthy
A: breathe fire, unfitting armour, fire resistance 1, AC +6
a: Breathe Fire, Renounce Religion


You were on level 5 of the Dungeon.
You worshipped Sif Muna.
Sif Muna was noncommittal.
You were hungry.

You visited 2 branches of the dungeon, and saw 6 of its levels.

You collected 245 gold pieces.

Inventory:

Missiles
 b - 12 arrows
 f - 82 darts (quivered)
 r - a steel dart
Magical devices
 l - a wand of frost (17)
 z - a wand of random effects (14) {unknown}
 C - a wand of teleportation (2)
Comestibles
 a - 4 bread rations
 g - 3 apples
 u - a lychee
 w - a meat ration
Scrolls
 h - 2 scrolls of fear {unknown}
 i - 3 scrolls of noise {unknown}
 k - 2 scrolls of curse jewellery {unknown}
 m - a scroll of fog {unknown}
 n - 3 scrolls of remove curse {unknown}
 o - 3 scrolls of identify {unknown}
 q - a scroll of enchant weapon II {unknown}
 v - a scroll of immolation {unknown}
 y - 3 scrolls of curse weapon {unknown}
 A - a scroll of random uselessness {unknown}
Potions
 c - 2 potions of curing
 e - 2 potions of paralysis {unknown}
 j - a potion of poison {unknown}
 p - a potion of restore abilities {unknown}
 s - 2 potions of berserk rage {unknown}
 B - 2 potions of heal wounds {unknown}
Books
 d - a book of Changes

   Spells                             Type                      Level
   *Beastly Appendage                 Transmutation                1
   *Sticks to Snakes                  Transmutation                2
   *Spider Form                       Transmutation/Poison         3
   Ice Form                           Ice/Transmutation            4
   Blade Hands                        Transmutation                5
 t - a book of Ice

   Spells                             Type                      Level
   Freezing Aura                      Charms/Ice                   2
   Ensorcelled Hibernation            Hexes/Ice                    2
   Ozocubu's Refrigeration            Ice                          6
   Bolt of Cold                       Conjuration/Ice              6
   Freezing Cloud                     Conjuration/Ice/Air          6
   Metabolic Englaciation             Hexes/Ice                    6
   Simulacrum                         Ice/Necromancy               6
 x - a book of Fire

   Spells                             Type                      Level
   Fire Brand                         Charms/Fire                  2
   Ignite Poison                      Fire/Transmutation           5
   Fireball                           Conjuration/Fire             5
   Bolt of Fire                       Conjuration/Fire             6
   Delayed Fireball                   Conjuration/Fire             7
   Ring of Flames                     Charms/Fire                  7


   Skills:
 - Level 1.1 Fighting
 - Level 1.7 Dodging
 * Level 7.7 Unarmed Combat
 - Level 2.0 Spellcasting
 + Level 5.1 Transmutations


You had 4 spell levels left.
You knew the following spells:

 Your Spells              Type           Power        Failure   Level  Hunger
a - Beastly Appendage     Trmt           ##....       3%          1    ##.....
b - Sticks to Snakes      Trmt           ##........   6%          2    ###....
c - Spider Form           Trmt/Pois      #.........   28%         3    ####...


Dungeon Overview and Level Annotations

Branches:
Dungeon (5/16)             Temple (1/1) D:5

Altars:
Ashenzari
Cheibriados
Elyvilon
Fedhas
Kikubaaqudgha
Makhleb
Okawaru
Sif Muna
Trog
Vehumet
Xom
Yredelemnul
Zin
the Shining One


Innate Abilities, Weirdness & Mutations

You can breathe blasts of fire.*
Your fiery red scales are hard (AC +6).*
Your body does not fit into most forms of armour.
Your cold-blooded metabolism reacts poorly to cold.
Your flesh is heat resistant.*


Message History

You offer a prayer to Sif Muna.
Sif Muna is noncommittal.
An orc is nearby!
You are feeling hungry.
An orc comes into view. It is wielding an orcish mace.
The orc hits you with the +12,+16 plutonium sword {Contam Stlth-}!
You hit the orc but do no damage. You barely miss the orc.
Mutagenic energy flows through the plutonium sword!
Your body is twisted painfully.
The orc hits you with the +12,+16 plutonium sword {Contam Stlth-}!
The orc throws a stone.
The stone misses you.
You hit the orc.
You tail-slap the orc, but do no damage.
The orc is moderately wounded.
The orc throws a stone.
The stone misses you.
Mutagenic energy flows through the plutonium sword!
You feel very strange.
The orc hits you with the +12,+16 plutonium sword {Contam Stlth-}!
You die...

#...........#
#...........#
#...........#
#.....(.....#
#...........#
#.....).....#
#...........########
#....%..............
#..@.............>..
######.o..............#.#
#......o..............._.
#....................)#.#
#.....#≈##......)........
#...≈##≈≈###.............
#...#≈≈#≈≈≈≈.............
#..≈#≈≈≈≈#≈##............
#..≈≈#≈≈≈≈≈≈#............


You could see 2 orcs.

Vanquished Creatures
  An ogre (D:4)
  A centaur (D:5)
  A big kobold (D:4)
  A crimson imp (D:5)
  A centaur skeleton (D:4)
  2 orc priests
  A hound (D:5)
  2 orc wizards
  2 worker ants (D:4)
  A halfling (D:5)
  Terence (D:2)
  A hound skeleton (D:5)
  10 adders
  4 gnolls
  2 giant mites (D:2)
  A worm (D:3)
  A giant eyeball (D:4)
  4 giant geckos
  11 orcs
  7 bats
  A bat skeleton (D:5)
  A bat zombie (D:5)
  19 hobgoblins
  2 jackals (D:3)
  A ball python (D:4)
  A ball python skeleton (D:5)
  6 giant cockroaches
  A giant gecko skeleton (D:5)
  8 giant newts
  A giant newt skeleton (D:5)
  13 goblins
  2 goblin zombies (D:5)
  22 kobolds
  A kobold skeleton (D:5)
  3 quokkas
  12 rats
  A rat zombie (D:5)
150 creatures vanquished.

Vanquished Creatures (others)
  A hound (D:5)
  A worker ant (D:5)
  2 halflings (D:5)
  2 orcs (D:5)
  A goblin (D:5)
  A hobgoblin (D:5)
  A plant (D:5)
9 creatures vanquished.

Grand Total: 159 creatures vanquished

Notes
Turn   | Place    | Note
--------------------------------------------------------------
     0 | D:1      | Kae, the Draconian Transmuter, began the quest for the Orb.
     0 | D:1      | Reached XP level 1. HP: 16/16 MP: 3/3
   192 | D:1      | Reached XP level 2. HP: 17/23 MP: 4/4
  1195 | D:2      | HP: 1/23 [adder (3)]
  1197 | D:2      | Reached XP level 3. HP: 1/28 MP: 6/6
  1350 | D:1      | Reached skill level 4 in Unarmed Combat
  2213 | D:2      | Found a radiant altar of Vehumet.
  2271 | D:2      | Reached XP level 4. HP: 22/35 MP: 7/7
  2355 | D:2      | Noticed Terence
  2383 | D:2      | Killed Terence
  2916 | D:2      | Reached skill level 5 in Unarmed Combat
  3048 | D:2      | Found an iron altar of Okawaru.
  3069 | D:2      | Reached XP level 5. HP: 28/40 MP: 9/9
  4209 | D:3      | Found a burning altar of Makhleb.
  4567 | D:4      | Reached skill level 6 in Unarmed Combat
  4567 | D:4      | Reached XP level 6. HP: 37/47 MP: 10/10
  5001 | D:4      | Found a shimmering altar of Xom.
  5093 | D:4      | Noticed an ogre
  5122 | D:3      | Learned a level 2 spell: Sticks to Snakes
  5126 | D:3      | Learned a level 3 spell: Spider Form
  5144 | D:4      | Killed an ogre
  5418 | D:4      | Paralysed by a giant eyeball for 3 turns
  5479 | D:4      | Found a glowing golden altar of the Shining One.
  5530 | D:5      | Entered Level 5 of the Dungeon
  5566 | D:4      | Your scales start taking on a fiery red colour.
  5566 | D:4      | Gained mutation: Your flesh is heat resistant. [draconian maturity]
  5566 | D:4      | Reached XP level 7. HP: 8/52 MP: 10/12
  5570 | D:4      | HP: 2/52 [adder (2)]
  5603 | D:4      | HP: 2/52 [poisoned by an adder]
  5934 | D:5      | Reached skill level 7 in Unarmed Combat
  5946 | D:5      | Found a glowing silver altar of Zin.
  6342 | D:5      | Reached skill level 5 in Transmutations
  6728 | D:5      | Found a staircase to the Ecumenical Temple.
  6750 | D:5      | Found a bloodstained altar of Trog.
  6785 | Temple   | Entered the Ecumenical Temple
  6961 | D:5      | Found a snail-covered altar of Cheibriados.
  6961 | D:5      | Found a basalt altar of Yredelemnul.
  6962 | D:5      | Found a deep blue altar of Sif Muna.
  6999 | D:5      | Became a worshipper of Sif Muna the Loreminder
  7365 | D:5      | Slain by an orc

Action                   |  1- 3 |  4- 6 |  7- 9 || total
-------------------------+-------+-------+-------++-------
Melee: Unarmed           |   140 |   347 |    94 ||   581
 Cast: Beastly Appendage |     7 |    31 |    12 ||    50
       Spider Form       |       |     1 |       ||     1
 Abil: Breathe Fire      |       |       |     1 ||     1
  Use: Potion            |       |     2 |     1 ||     3
 Stab: Sleeping          |       |     1 |       ||     1
